 Dungeon Crawl Stone Soup version 0.21.1-72-gffa868e (webtiles) character file.

5877 Madoushi the Grappler (level 10, -7/104 HPs)
             Began as a Troll Berserker on Aug 3, 2018.
             Was a High Priest of Trog.
             Mangled by a crocodile (12 damage)
             ... on level 9 of the Dungeon.
             The game lasted 00:30:36 (8859 turns).

Madoushi the Grappler (Troll Berserker)             Turns: 8859, Time: 00:30:36

Health: -7/104     AC:  9    Str: 30    XL:     10   Next: 52%
Magic:  9/9        EV:  8    Int:  3    God:    Trog [*****.]
Gold:   250        SH: 13    Dex:  9    Spells: 9/9 levels left

rFire    . . .     SeeInvis .   q - +0 war axe
rCold    . . .     Gourm    +   B - +0 large shield
rNeg     + . .     Faith    .   A - +0 robe
rPois    .         Spirit   .   (helmet restricted)
rElec    .         Reflect  .   (no cloak)
rCorr    .         Harm     .   (gloves unavailable)
MR       .....                  (boots unavailable)
Stlth    +.........             (no amulet)
HPRegen  0.67/turn              g - ring of positive energy
MPRegen  0.11/turn              j - +4 ring of protection

@: no status effects
A: large, unfitting armour, claws 3, fast metabolism 3, gourmand, regeneration
1, shaggy fur 1, tough skin 2
a: Berserk, Trog's Hand, Brothers in Arms, Burn Spellbooks, Renounce Religion


You were on level 9 of the Dungeon.
You worshipped Trog.
Trog was extremely pleased with you.
You were not hungry.

You visited 1 branch of the dungeon, and saw 10 of its levels.
You also visited: Bailey.

You collected 496 gold pieces.
You spent 246 gold pieces at shops.

Inventory:

Hand Weapons
 i - a +5 dagger
 q - a +0 war axe (weapon)
 s - a +0 whip of venom
 u - a +1 mace of holy wrath
 v - a +3 flail of venom
 y - a +2 whip of freezing
 C - a +0 flail of protection
 K - a +5 battleaxe
Missiles
 t - 4 large rocks (quivered)
Armour
 a - a +0 animal skin
 f - a -1 robe
 m - a +0 ring mail
 p - a +0 chain mail
 z - a +0 ring mail of cold resistance
 A - a +0 robe (worn)
 B - a +0 large shield (worn)
 E - a +0 plate armour
 G - a +0 robe
 I - a +0 leather armour
 L - a cursed -1 robe
Jewellery
 g - a ring of positive energy (left claw)
 j - a +4 ring of protection (right claw)
 D - an uncursed ring of stealth
Wands
 w - a wand of iceblast (8)
 J - a wand of random effects (71)
Scrolls
 c - 6 scrolls of identify
 F - 2 scrolls of enchant weapon
 M - a scroll of teleportation
 N - a scroll of fear {unknown}
Potions
 d - 2 potions of might
 e - a potion of flight {unknown}
 h - 3 potions of resistance {unknown}
 k - 4 potions of curing {unknown}
 l - a potion of brilliance
 n - a potion of mutation {unknown}
 o - 2 potions of heal wounds
 r - 3 potions of agility
 x - a potion of degeneration {unknown}
 H - a potion of ambrosia {unknown}
Comestibles
 b - 18 rations


   Skills:
 + Level 8.1 Fighting
 + Level 8.1 Dodging
 + Level 9.7 Unarmed Combat


You had 9 spell levels left.
You didn't know any spells.

Dungeon Overview and Level Annotations

Branches:
Dungeon (10/15)            Temple (0/1) D:6            Lair (0/6) D:10
    Orc: D:9-12

Altars:
Cheibriados
Elyvilon
Fedhas
Gozag
Hepliaklqana
Nemelex Xobeh
Okawaru
Trog
Wu Jian
Xom
Yredelemnul
Zin
The Shining One

Shops:
D:6 [!!:}   D:9 *


Innate Abilities, Weirdness & Mutations

You are too large for most types of armour.
You have claws for hands.
Your metabolism is lightning-fast.
You like to eat raw meat.
Your natural rate of healing is unusually fast.
You are covered in fur. (AC +1)
You have very tough skin. (AC +2)


Message History

The yak snorts and paws the ground.
You block the yak's attack. You block the crocodile's attack.
The crocodile barely misses you. The yak gores you. The crocodile bites you!
* * * LOW HITPOINT WARNING * * *
You closely miss the crocodile. You slash the yak! You slash the crocodile!
You block the crocodile's attack. You block the yak's attack.
The crocodile bites you.
* * * LOW HITPOINT WARNING * * *
You slash the crocodile!
The crocodile is moderately wounded.
You hit the crocodile but do no damage. You hit the yak.
The crocodile bites you!
* * * LOW HITPOINT WARNING * * *
The yak gores you!
* * * LOW HITPOINT WARNING * * *
The crocodile bites you.
* * * LOW HITPOINT WARNING * * *
The crocodile barely misses you. The yak barely misses you.
The crocodile bites you!
You die...

...............#######...........
.......###.....# ##.#..###.###
.......# #..##.### #..#..#....#
###.#### #.......####.....#....#
#..### #.####.....#.....#....#
#.#..####.# ###.........#....##
#.#.......# ##.###..#..#......
#.#.......### #Y.....##..#....#.
#.#.........###@................
#.#...........tt.....###......#.
#.#..............###........##♣.
##.#.......#...##..######........
#..#.....(............###.####♣∩♣
..##.......#............#.# #..
#.###.#..###..........#.#.# #♣.
........## ############)#(### #.
#'###...# #......# #.


You could see a yak and 2 crocodiles.

Vanquished Creatures
  Pikel (D:5)
  Joseph (D:10)
  A hippogriff (D:8)
  Grinder (D:3)
  Sigmund (D:5)
  Eustachio (D:4)
  A hungry ghost (D:8)
  Grum (D:9)
  Edmund (D:5)
  2 black bears
  An orc warrior (D:9)
  3 ice beasts
  2 phantoms (D:4)
  4 sky beasts
  4 ogres
  5 wolves
  A centaur (D:5)
  4 bullfrogs
  5 scorpions
  A water moccasin skeleton (D:4)
  4 wights (D:9)
  2 howler monkeys (D:6)
  4 crimson imps
  3 bullfrog zombies
  2 hounds
  2 jellies
  8 orc priests
  A centaur skeleton (D:7)
  4 worker ants
  2 iguanas
  12 orc wizards
  6 adders
  2 white imps (D:10)
  2 oozes
  2 adder skeletons (D:8)
  7 worms
  3 dart slugs
  36 orcs
  A ball python (D:4)
  7 giant cockroaches
  8 goblins
  13 hobgoblins
  6 jackals
  4 quokkas
  5 bats
  3 frilled lizards
  7 kobolds
  A leopard gecko skeleton (D:9)
  A leopard gecko zombie (D:5)
  2 quokka skeletons (D:4)
  3 rats
204 creatures vanquished.

Notes
Turn   | Place    | Note
-------+----------+-------------------------------------------
     0 | D:1      | Madoushi the Troll Berserker began the quest for the Orb.
     0 | D:1      | Reached XP level 1. HP: 22/22 MP: 0/0
   112 | D:1      | Reached XP level 2. HP: 23/29 MP: 1/1
   728 | D:1      | Reached XP level 3. HP: 14/36 MP: 2/2
   825 | D:2      | Reached ** piety under Trog
  1380 | D:2      | Reached XP level 4. HP: 45/45 MP: 3/3
  1540 | D:3      | Reached skill level 4 in Unarmed Combat
  1826 | D:3      | Reached XP level 5. HP: 37/53 MP: 4/4
  1901 | D:3      | Noticed Grinder
  2035 | D:3      | Paralysed by Grinder for 6 turns
  2048 | D:3      | Killed Grinder
  2048 | D:3      | Reached XP level 6. HP: 53/62 MP: 5/5
  2102 | D:3      | Reached *** piety under Trog
  2484 | D:4      | Noticed Eustachio
  2491 | D:4      | Killed Eustachio
  2491 | D:4      | Reached skill level 5 in Unarmed Combat
  2491 | D:4      | Reached XP level 7. HP: 61/70 MP: 6/6
  2943 | D:4      | Reached skill level 6 in Unarmed Combat
  3059 | D:4      | Reached skill level 5 in Fighting
  3059 | D:4      | Reached skill level 5 in Dodging
  3065 | D:4      | Reached XP level 8. HP: 60/80 MP: 7/7
  3222 | D:4      | Received a gift from Trog
  4088 | D:5      | Entered Level 5 of the Dungeon
  4089 | D:5      | Found a shimmering altar of Xom.
  4101 | D:5      | Found a sparkling altar of Nemelex Xobeh.
  4103 | D:5      | Found a snail-covered altar of Cheibriados.
  4103 | D:5      | Found an opulent altar of Gozag.
  4103 | D:5      | Found an ornate altar of the Wu Jian Council.
  4103 | D:5      | Found a blossoming altar of Fedhas.
  4103 | D:5      | Found a basalt altar of Yredelemnul.
  4104 | D:5      | Found a bloodstained altar of Trog.
  4108 | D:5      | Found an iron altar of Okawaru.
  4203 | D:5      | Noticed Edmund
  4215 | D:5      | Killed Edmund
  4437 | D:5      | Reached **** piety under Trog
  4499 | D:5      | Noticed Pikel
  4510 | D:5      | Killed Pikel
  4510 | D:5      | Reached skill level 7 in Unarmed Combat
  4522 | D:5      | Noticed Sigmund
  4531 | D:5      | Killed Sigmund
  4531 | D:5      | Reached XP level 9. HP: 83/89 MP: 8/8
  4536 | D:5      | Found an opulent altar of Gozag.
  4906 | D:6      | Found Mionisocs's Gadget Shop.
  5066 | D:6      | Found a staircase to the Ecumenical Temple.
  5088 | D:6      | Found Doxzeyl's Distillery.
  5252 | D:6      | Found Pogruq's Antique Armour Emporium.
  5284 | D:6      | Bought a runed robe for 88 gold pieces
  5284 | D:6      | Bought a large shield for 108 gold pieces
  5342 | D:6      | Found Fabaiqut's Distillery.
  5346 | D:6      | Bought a potion of heal wounds for 50 gold pieces
  5691 | D:6      | Reached skill level 8 in Unarmed Combat
  5906 | D:6      | Found Edissomo's Book Emporium.
  5950 | D:6      | Found a hazy altar of Hepliaklqana.
  6589 | D:7      | Found a white marble altar of Elyvilon.
  7000 | D:8      | Reached ***** piety under Trog
  7269 | D:8      | Reached skill level 9 in Unarmed Combat
  7269 | D:8      | Reached XP level 10. HP: 100/102 MP: 9/9
  7489 | D:8      | Found a glowing silver altar of Zin.
  7489 | D:8      | Found a white marble altar of Elyvilon.
  7489 | D:8      | Found a glowing golden altar of the Shining One.
  7552 | D:8      | Found a flagged portal.
  7575 | Bailey   | Entered a bailey
  8060 | D:9      | Found Ytathrouv's General Store.
  8438 | D:9      | Noticed Grum
  8457 | D:9      | Killed Grum
  8605 | D:10     | Entered Level 10 of the Dungeon
  8683 | D:10     | Noticed Joseph
  8705 | D:10     | Killed Joseph
  8834 | D:10     | Found a staircase to the Lair.
  8834 | D:10     | Noticed an elephant
  8859 | D:9      | HP: 5/104 [crocodile (1)]
  8859 | D:9      | Mangled by a crocodile

Skill      XL: |  1  2  3  4  5  6  7  8  9 10 |
---------------+-------------------------------+-----
Fighting       | 3 4 5 6 7 8 |  8.1
Dodging        | 3 4 5 6 7 8 |  8.1
Unarmed Combat | 4 5 6 7 9 |  9.7

Action                   |  1- 3 |  4- 6 |  7- 9 | 10-12 || total
-------------------------+-------+-------+-------+-------++-------
Melee: Unarmed           |    77 |    92 |   337 |   118 ||   624
       Punch             |       |     3 |     8 |       ||    11
       War axe           |       |       |       |     7 ||     7
Invok: Burn Spellbooks   |       |       |       |     2 ||     2
Evoke: Wand              |       |       |     2 |       ||     2
  Use: Scroll            |     5 |     1 |    10 |     3 ||    19
       Potion            |       |       |     1 |     3 ||     4
 Stab: Sleeping          |     1 |       |     1 |       ||     2
  Eat: Chunk             |    14 |     7 |    26 |    11 ||    58
       Ration            |       |       |     6 |     1 ||     7
Armor: Animal skin       |    31 |       |       |       ||    31
       Robe              |     9 |    50 |   109 |    36 ||   204
Dodge: Dodged            |    62 |    51 |   139 |    51 ||   303
Block: Large shield      |       |       |    81 |   111 ||   192
